 Dungeon Crawl Stone Soup version 0.30-a0-629-gd54f4be4f7 (webtiles) character file.

Game seed: 836247119611150756

4498 KennySheep the Thaumaturge (level 10, 0/52 HPs)
             Began as a Deep Elf Conjurer on Jan 12, 2023.
             Was an Elder of Makhleb.
             Killed from afar by an acid dragon (28 damage)
             ... with a splash of acid
             ... on level 8 of the Dungeon.
             The game lasted 00:31:26 (7859 turns).

KennySheep the Thaumaturge (Deep Elf Conjurer)      Turns: 7859, Time: 00:31:27

Health: 0/52       AC:  7    Str:  4    XL:     10   Next: 16%
Magic:  2/25       EV: 12    Int: 34    God:    Makhleb [****..]
Gold:   404        SH:  4    Dex: 13    Spells: 6/27 levels left

rFire   . . .      SeeInvis .    a - +9 staff of Olgreb {rPois∞}
rCold   . . .      Faith    .    y - +1 buckler
rNeg    . . .      Spirit   .    G - +1 steam dragon scales
rPois   ∞          Reflect  .    (no helmet)
rElec   .          Harm     .    C - +0 cloak
rCorr   .          Rampage  .    (no gloves)
Will    +....                    (no boots)
Stlth   ++                       (no amulet)
HPRegen 0.28/turn                p - +6 ring of intelligence
MPRegen 0.19/turn                (no ring)

@: very slightly contaminated
A: no striking features
a: Renounce Religion, Evoke the Staff of Olgreb, Minor Destruction, Lesser
Servant of Makhleb, Major Destruction


You were on level 8 of the Dungeon.
You worshipped Makhleb.
Makhleb was greatly pleased with you.
You visited 1 branch of the dungeon, and saw 8 of its levels.

You collected 404 gold pieces.

Inventory:

Hand Weapons
 a - the +9 staff of Olgreb (weapon) {rPois∞}
   (You acquired it on level 4 of the Dungeon)

   If the wielder is skilled in Evocations, they can envenom those struck by it,
   dealing poison damage which bypasses armour.
   It enhances your poison magic.
   It grants immunity to poison.
   It can be activated via the 'a'bility menu to radiate toxic energy, with
   effectiveness depending on Evocations skill.
 h - a +1 dagger of venom
Missiles
 v - 2 throwing nets
Armour
 y - a +1 buckler (worn)
 C - a +0 cloak (worn)
 G - +1 steam dragon scales (worn)
Jewellery
 p - a +6 ring of intelligence (left hand)
 u - a ring of fire
Wands
 t - a wand of quicksilver (4)
 z - a wand of roots (36)
Scrolls
 e - 3 scrolls of blinking
 g - a scroll of teleportation
 m - a scroll of fear {unknown}
 n - a scroll of enchant weapon
 q - a scroll of fog
 x - 2 scrolls of noise
 A - a scroll of immolation
 D - 2 scrolls of identify
 F - a scroll of poison {unknown}
Potions
 b - a potion of magic
 c - a potion of berserk rage {unknown}
 d - 2 potions of brilliance
 f - a potion of resistance {unknown}
 i - a potion of heal wounds
 j - 2 potions of cancellation {unknown}
 k - a potion of invisibility {unknown}
 l - a potion of haste {unknown}
 o - 2 potions of attraction
 r - a potion of lignification {unknown}
 s - 4 potions of curing
 w - a potion of might {unknown}
 B - a potion of mutation {unknown}
 E - a potion of degeneration {unknown}


   Skills:
 + Level 1.5 Fighting
 + Level 3.6 Dodging
 - Level 2.4 Stealth
 + Level 9.0 Spellcasting
 + Level 8.9 Conjurations
 + Level 8.7 Hexes
 - Level 3.1 Translocations
 * Level 8.7 Evocations


You had 6 spell levels left.
You knew the following spells:

 Your Spells              Type           Power      Damage    Failure   Level
a - Magic Dart            Conj           100%       1d8       1%          1
b - Searing Ray           Conj           100%       2d8       1%          2
c - Iskenderun's Mystic   Conj/Tloc      54%        2d12      3%          4
d - Fulminant Prism       Conj/Hex       33%        3d16      1%          4
e - Tukima's Dance        Hex            66%        N/A       1%          3
f - Enfeeble              Hex            33%        N/A       67%         7

Your spell library contained the following spells:

 Spells                   Type           Power      Damage    Failure   Level
 Dazzling Flash           Conj/Hex       100%       N/A       1%          3
 Cause Fear               Hex            33%        N/A       1%          4
 Silence                  Hex/Air        22%        N/A       19%         5


Dungeon Overview and Level Annotations

Branches:
Dungeon (8/15)             Temple (0/1) D:7
   Lair: D:8-11

Altars:
Cheibriados
Hepliaklqana
Makhleb
Qazlal
Vehumet
Xom
Zin

Annotations:
D:4 1 runed translucent door


Message History

You block the acid dragon's attack. The acid dragon barely misses you.
Casting: Fulminant Prism (dangerous; 1% risk of failure)
Confirm with . or Enter, or press ? or * to list all spells.
You erupt in a blast of force!
The mystic blast hits the acid dragon.
The acid dragon is lightly wounded.
The acid dragon closely misses you.
The acid dragon claws you but does no damage.
Your fulminant prism crackles loudly.
Casting: Iskenderun's Mystic Blast (dangerous; 3% risk of failure)
Confirm with . or Enter, or press ? or * to list all spells.
You erupt in a blast of force!
The mystic blast hits the acid dragon.
The acid dragon is lightly wounded.
The acid dragon is knocked back by the mystic blast.
The acid dragon collides with your fulminant prism!
Your fulminant prism is heavily damaged.
Your fulminant prism explodes!
The blast of energy engulfs the acid dragon!
The acid dragon is severely wounded.
Casting: Iskenderun's Mystic Blast (dangerous; 3% risk of failure)
Confirm with . or Enter, or press ? or * to list all spells.
You miscast Iskenderun's Mystic Blast.
You are very lightly contaminated with residual magic.
Nothing appears to happen.
Casting: Iskenderun's Mystic Blast (dangerous; 3% risk of failure)
Confirm with . or Enter, or press ? or * to list all spells.
Aiming: Fulminant Prism (dangerous; 1% risk of failure)
Press: ? - help, Dir - move target You conjure a prism of explosive energy!
A fulminant prism comes into view.
The acid dragon bites you.
The acid dragon claws you but does no damage.
Casting: Fulminant Prism (dangerous; 1% risk of failure)
Confirm with . or Enter, or press ? or * to list all spells.
Okay, then.
You sock the acid dragon!
The acid dragon is almost dead.
The acid dragon spits acid at you. The splash of acid hits you!!
Ouch! That really hurt!
You die...

.. .. ... [#####.. #
♣.#.....# #.. ♣.+.....+
#...♣ ♣♣.#.....#
......♣♣..#.....#
....*.D@..#.....#..##.
.......#..#..)..#.......
.......#..#.....#.......
.......#..#..)).+.......
.......#..'.....#.......
#......#..#..)..#..##...
#......#..#.....#..##...
#......#..#.....#..##...
#..#.....'.......


You could see an acid dragon (catching breath, ally target) and a friendly
fulminant prism.

Vanquished Creatures
  Pikel (D:5)
  Sigmund (D:3)
  A wyvern (D:5)
  3 steam dragons (D:7)
  2 vampire mosquitoes (D:7)
  A water moccasin (D:6)
  5 sky beasts
  The ghost of ragingrage the Ruffian, an amateur TrMo (D:4)
  3 ogres
  3 centaurs
  A phantom (D:5)
  4 kobold brigands
  Blork the orc (D:5)
  A necrophage (D:7)
  A bullfrog (D:6)
  6 scorpions
  3 killer bees (D:7)
  A howler monkey (D:6)
  2 jellies (D:6)
  3 hounds
  2 orc priests
  Crazy Yiuf (D:5)
  5 orc wizards
  3 iguanas (D:5)
  15 gnolls
  5 adders
  4 white imps
  An ufetubus (D:4)
  5 worms
  4 dart slugs
  16 orcs
  9 ball pythons
  5 bats
  2 endoplasms
  2 giant cockroaches
  13 goblins
  7 hobgoblins
  2 jackals (D:1)
  23 kobolds
  3 quokkas
  3 rats
174 creatures vanquished.

Vanquished Creatures (others)
  An angel (D:5)
  A sky beast (D:7)
  19 fulminant prisms
  A fungus (D:1)
  2 plants (D:1)
24 creatures vanquished.

Grand Total: 198 creatures vanquished

Notes
Turn   | Place    | Note
-------+----------+-------------------------------------------
     0 | D:1      | KennySheep the Deep Elf Conjurer began the quest for the
                  | Orb.
     0 | D:1      | Reached XP level 1. HP: 10/10 MP: 6/6
   107 | D:1      | Reached skill level 1 in Hexes
   248 | D:1      | Reached XP level 2. HP: 15/15 MP: 6/8
   253 | D:1      | Learned a level 2 spell: Searing Ray
   533 | D:1      | Found a faded altar of an unknown god.
   553 | D:1      | Prayed at the altar of an unknown god.
   553 | D:1      | Became a worshipper of Makhleb the Destroyer
   553 | D:1      | Reached * piety under Makhleb
   676 | D:2      | Reached skill level 5 in Conjurations
   676 | D:2      | Reached XP level 3. HP: 16/19 MP: 1/10
  1219 | D:2      | Reached XP level 4. HP: 19/24 MP: 9/11
  1311 | D:3      | Noticed Sigmund
  1686 | D:3      | Reached ** piety under Makhleb
  2005 | D:2      | Learned a level 4 spell: Fulminant Prism
  2089 | D:3      | Reached skill level 4 in Spellcasting
  2174 | D:3      | Reached XP level 5. HP: 28/28 MP: 4/13
  2357 | D:4      | Found a radiant altar of Vehumet.
  2357 | D:4      | Found a hazy altar of Hepliaklqana.
  2357 | D:4      | Found a stormy altar of Qazlal.
  2570 | D:4      | Noticed a centaur
  2582 | D:4      | Noticed an ogre
  2699 | D:3      | Killed Sigmund
  2700 | D:3      | Reached skill level 5 in Hexes
  2700 | D:3      | Reached XP level 6. HP: 32/32 MP: 2/15
  2848 | D:4      | Learned a level 4 spell: Iskenderun's Mystic Blast
  2984 | D:4      | Identified a scroll of acquirement
  2985 | D:4      | Acquired the +9 staff of Olgreb {rPois∞}
  2985 | D:4      | Found the +9 staff of Olgreb {rPois∞}
  3053 | D:4      | Reached skill level 5 in Spellcasting
  3195 | D:4      | Reached skill level 1 in Evocations
  3195 | D:4      | Reached XP level 7. HP: 36/36 MP: 5/16
  3269 | D:4      | Reached *** piety under Makhleb
  3319 | D:4      | Found a runed translucent door.
  3423 | D:4      | Found a runed translucent door.
  3424 | D:4      | Noticed ragingrage's ghost (amateur TrMo)
  3512 | D:4      | Reached skill level 1 in Translocations
  3664 | D:4      | Killed ragingrage's ghost
  3836 | D:5      | Entered Level 5 of the Dungeon
  3909 | D:5      | Noticed Blork the orc
  3921 | D:5      | Killed Blork the orc
  4024 | D:5      | Reached skill level 6 in Spellcasting
  4290 | D:5      | Noticed Pikel
  4306 | D:5      | Killed Pikel
  4307 | D:5      | Reached skill level 5 in Evocations
  4307 | D:5      | Reached XP level 8. HP: 41/41 MP: 4/20
  4422 | D:5      | Found a snail-covered altar of Cheibriados.
  4543 | D:5      | Found a shimmering altar of Xom.
  4543 | D:5      | Found a glowing silver altar of Zin.
  4544 | D:5      | Noticed an angel
  4691 | D:5      | Reached skill level 7 in Spellcasting
  4980 | D:5      | Found a runed translucent door.
  4981 | D:5      | Noticed Crazy Yiuf
  4986 | D:5      | Killed Crazy Yiuf
  5367 | D:5      | Reached XP level 9. HP: 44/45 MP: 18/22
  5368 | D:5      | Killed an angel
  5666 | D:6      | Reached skill level 8 in Spellcasting
  5767 | D:6      | Reached **** piety under Makhleb
  6560 | D:7      | Acquired the Spellbook of Bewitchment
  6566 | D:7      | Learned a level 3 spell: Tukima's Dance
  6574 | D:7      | Learned a level 7 spell: Enfeeble
  6835 | D:7      | Reached skill level 1 in Fighting
  6954 | D:7      | Reached XP level 10. HP: 52/52 MP: 19/24
  7106 | D:7      | Found a staircase to the Ecumenical Temple.
  7282 | D:7      | Reached skill level 9 in Spellcasting
  7706 | D:7      | Upgraded the game from 0.30-a0-626-gd6a5dd7a1f to
                  | 0.30-a0-629-gd54f4be4f7
  7859 | D:8      | Killed from afar by an acid dragon

Illustrated notes

Levels and vault maps discovered:
D:1:      dpeg_arrival_shrine, layout_basic, shapermc_ecumenical_altar_gd
D:2:      layout_basic
D:3:      layout_rooms, grunt_decor_cap, minmay_misc_feat_five,
          minmay_goblin_kobold_house, uniq_sigmund
D:4:      layout_basic, chequers_temple_overflow_statue_of_worship,
          ebering_ghost_sewer_f
D:5:      layout_loops_ring, grunt_temple_overflow_order_and_chaos_1,
          kennysheep_slug_shrine, uniq_crazy_yiuf_cottage, uniq_blork_the_orc,
          uniq_pikel
D:6:      layout_cave_pools, st_stairs_6
D:7:      layout_loops_corners, minmay_temple_entry_statues_pillars,
          hangedman_misty_isle
D:8:      layout_gridville, nrook_campfire

Skill      XL: |  1  2  3  4  5  6  7  8  9 10 |
---------------+-------------------------------+-----
Hexes          | 1 2 3 5 6 7 8 |  8.7
Conjurations   | 5 6 7 8 |  8.9
Spellcasting   | 4 5 6 7 8 9 |  9.0
Evocations     | 1 5 6 8 |  8.7
Translocations | 1 3 |  3.1
Dodging        | 3 |  3.6
Fighting       | 1 |  1.5
Stealth        | |  2.4

Action                   |  1- 3 |  4- 6 |  7- 9 | 10-12 || total
-------------------------+-------+-------+-------+-------++-------
Melee: Dagger            |    12 |     2 |       |       ||    14
       Staff             |       |     1 |    52 |    20 ||    73
 Cast: Magic Dart        |    38 |    83 |     1 |       ||   122
       Searing Ray       |     3 |     5 |       |       ||     8
       Fulminant Prism   |       |     4 |    11 |     5 ||    20
       Iskenderun's Myst |       |       |       |     7 ||     7
 Abil: Evoke the Staff o |       |     4 |    68 |     6 ||    78
  Use: Potion            |       |     5 |       |       ||     5
       Scroll            |       |     4 |     7 |       ||    11
 Stab: Sleeping          |       |       |     1 |     1 ||     2
Armor: Robe              |     6 |     3 |       |       ||     9
       Leather armour    |       |       |    16 |       ||    16
       Steam dragon scal |       |       |       |     7 ||     7
Dodge: Dodged            |    17 |    18 |    30 |    17 ||    82
Block: Buckler           |       |       |    10 |     8 ||    18

Table legend: (Time is in decaauts)
 A = Elapsed time spent in this place.
 B = Non-inter-level travel time spent in this place.
 C = Inter-level travel time spent in this place.
 D = Time resting spent in this place.
 E = Time spent auto-exploring this place.
 F = Levels seen in this place.
 G = Mean time per level.
                   A        B        C        D        E       F      G
               +--------+--------+--------+--------+--------+-----+--------+
         Total |   7899 |   7461 |    438 |   1662 |   4632 |   8 |  987.4 |
       Dungeon |   7899 |   7461 |    438 |   1662 |   4632 |   8 |  987.4 |
               +--------+--------+--------+--------+--------+-----+--------+

Top non-repeatable levels by time:
     D:5: 1794 daAuts
     D:7: 1452 daAuts
     D:3: 1218 daAuts
     D:4: 1153 daAuts
     D:2: 820 daAuts
     D:6: 714 daAuts
     D:1: 645 daAuts
     D:8: 99 daAuts
